Cogmind - Beta 13 @@@ ROGUE MODE // 2024.04.29 @ 09:44:54 Player: peko Result: Destroyed by G-47 Trooper with Particle Gun Performance ------------- Evolutions (1) 500 Regions Visited (3) 600 Robots Destroyed (16) 80 Value Destroyed (481) 481 Prototype IDs (2) 40 Alien Tech Used (0) 0 Bonus (0) 0 TOTAL SCORE: 1701 Bonus ------- None Cogmind --------- Core Integrity 0/400 Matter 241/300 Energy 265/265 System Corruption 0% Temperature Cool (9) Movement Rolling (90) Location -9/Mines Parts ------- > --- POWER (1) -------- Improved Ion Engine > --- PROPULSION (2) --- Wheel Compact Wheel > --- UTILITY (4) ------ Medium Storage Unit Improved Targeting Computer Improved Targeting Computer Improved Targeting Computer > --- WEAPON (2) ------- Heavy Assault Rifle Heavy Assault Rifle > --- INVENTORY (10) --- Improved Targeting Computer Improved Targeting Computer Particle Gun Katana Peak State ------------ > --- POWER ------------ Improved Ion Engine > --- PROPULSION ------- Wheel Compact Wheel > --- UTILITY ---------- Improved Targeting Computer Improved Targeting Computer Improved Targeting Computer Improved Targeting Computer > --- WEAPON ----------- Heavy Assault Rifle Heavy Assault Rifle > --- INVENTORY -------- Ion Engine Improved Targeting Computer Improved Targeting Computer Particle Gun Katana [Rating: 17] Favorites ----------- Power Ion Engine Engine Ion Engine Power Core Light Nuclear Core Propulsion Compact Wheel Treads Light Treads Wheel Compact Wheel Flight Unit Flight Unit Utility Improved Targeting Computer Device ECM Suite Storage Small Storage Unit Processor Improved Targeting Computer Weapon Heavy Assault Rifle Energy Gun Beam Rifle Ballistic Gun Heavy Assault Rifle Build | -11 -10 -9 -9 ------- Run | Yrd Mat Mat Min Slots Evolved 2 | . . 2 . Power . | . . . . Propulsion . | . . . . Utility 2 | . . 2 . Weapon . | . . . . Parts Attached 28 | 6 3 19 . Power 4 | 1 1 2 . Engine 3 | 1 . 2 . Core 1 | . 1 . . Reactor . | . . . . Propulsion 8 | 2 . 6 . Treads 2 | . . 2 . Leg . | . . . . Wheel 4 | 2 . 2 . Hover . | . . . . Flight 2 | . . 2 . Utility 9 | 1 2 6 . Device 2 | . 2 . . Storage 3 | 1 . 2 . Processor 4 | . . 4 . Hackware . | . . . . Protection . | . . . . Artifact . | . . . . Weapon 7 | 2 . 5 . Energy Gun 1 | . . 1 . Energy Cannon . | . . . . Ballistic Gun 6 | 2 . 4 . Ballistic Cannon . | . . . . Launcher . | . . . . Special Weapon . | . . . . Impact Weapon . | . . . . Slashing Weapon . | . . . . Piercing Weapon . | . . . . Special Melee Weapon . | . . . . Unidentified Prototypes . | . . . . Parts Lost 11 | . 1 10 . Power 1 | . . 1 . Propulsion 4 | . . 4 . Utility 3 | . . 3 . Weapon 3 | . 1 2 . Highest Loss Streak 5 | . 1 5 . To Critical Strikes . | . . . . Average Slot Usage (%) 75 | . 97 66 100 Engine 6 | . 8 4 11 Core 2 | . 5 2 . Treads 2 | . . 3 . Wheel 14 | . 28 9 22 Flight 2 | . . 3 . Device 8 | . 18 6 . Storage 7 | . 9 6 11 Processor 11 | . . 13 33 Energy Gun 1 | . . 1 . Ballistic Gun 17 | . 26 14 22 Naked Turns 106 | . . 106 . Heaviest Build 23 | 14 16 23 23 Greatest Support 40 | 32 32 40 26 Greatest Overweight (x) 4 | . . 4 . Average Overweight (x) . | . . . . Largest Inventory Capacity 10 | 8 8 10 10 Average Capacity 7 | 7 7 7 10 Most Carried 8 | 5 6 8 4 Average Carried 4 | 2 4 4 4 Final Capacity 10 | 8 5 10 10 Final Carried 5 | 5 4 4 4 Class Distribution -------------------- 82% | Mutant 17% | Infiltrator-Mutant Dominant Class ---------------- Mutant | -10/Materials Mutant | -9/Materials Mutant | -9/Mines Resources | -11 -10 -9 -9 ----------- Run | Yrd Mat Mat Min Matter Collected 673 | 261 101 311 . Remotely . | . . . . Salvage Created 727 | 125 242 339 21 Parts 45 | 6 12 24 3 Haulers Intercepted . | . . . . Recyclers Shooed . | . . . . Parts Field Recycled . | . . . . Retrieved Matter . | . . . . Parts Self-Destructed . | . . . . Prevented . | . . . . Kills | -11 -10 -9 -9 ------- Run | Yrd Mat Mat Min Combat Hostiles Destroyed 11 | . 4 7 . Guns 11 | . 4 7 . Classes Destroyed 7 | 2 1 3 1 Worker 1 | . . . 1 Tunneler 1 | 1 . . . Recycler 2 | 1 1 . . Watcher 1 | . . 1 . Grunt 8 | . 4 4 . Duelist 1 | . . 1 . Sentry 2 | . . 2 . Best Kill Streak 2 | 2 2 2 1 Combat Bots Only 2 | . 2 2 . Max Kills in Single Turn 2 | 2 1 1 1 Gunslinging . | . . . . Exploded . | . . . . Melee . | . . . . Uniques/NPCs Destroyed . | . . . . Combat | -11 -10 -9 -9 -------- Run | Yrd Mat Mat Min Hostile Shots Fired 192 | . 40 149 3 Missed 55 | . 8 47 . Damage Taken 1785 | . 396 1343 46 Core 510 | . 105 390 15 Absorbed by Shields . | . . . . Core Remaining (%) 79 | 100 58 . . Volleys Fired 60 | 4 25 29 2 Largest 2 | 2 2 2 2 Hottest 79 | 40 40 79 46 Shots Fired 110 | 8 50 48 4 Gun 110 | 8 50 48 4 Cannon . | . . . . Launcher . | . . . . Special . | . . . . Kinetic 103 | 8 50 41 4 Thermal 7 | . . 7 . Explosive . | . . . . Electromagnetic . | . . . . Robot Hit Streak 9 | 2 8 9 9 Robot Miss Streak 3 | 1 3 2 . Penetration Max . | . . . . Secondary Targets 2 | . . 1 1 Max Gunslinging Chain 1 | . . 1 1 Shots Hit Robots 71 | 4 29 34 4 Core Hits 28 | 3 11 12 2 Critical Kills . | . . . . Critical Parts Destroyed . | . . . . Critical Strikes 1 | . . 1 . Burn 1 | . . 1 . Melee Attacks . | . . . . Impact . | . . . . Slashing . | . . . . Piercing . | . . . . Sneak Attacks . | . . . . Combat Hostiles . | . . . . Follow-up Attacks . | . . . . Damage Inflicted 960 | 56 354 495 55 Guns 958 | 56 354 493 55 Cannons . | . . . . Explosions . | . . . . Melee . | . . . . Ramming 2 | . . 2 . Kinetic 899 | 56 354 434 55 Thermal 59 | . . 59 . Explosive . | . . . . Electromagnetic . | . . . . Impact . | . . . . Slashing . | . . . . Piercing . | . . . . Highest Corruption . | . . . . Average Corruption . | . . . . Corruption Purged . | . . . . Corruption Blocked . | . . . . Overload Shots . | . . . . Overflow Damage . | . . . . Projectiles . | . . . . Explosions . | . . . . Melee . | . . . . Knockbacks . | . . . . Impact . | . . . . Kinetic . | . . . . Secondary . | . . . . Self-Inflicted Damage 1 | . . 1 . Shots . | . . . . Rammed 1 | . . 1 . Targets Rammed 1 | . . 1 . Kicked . | . . . . Crushed . | . . . . Highest Temperature 20 | . 20 18 2 Average Temperature 6 | . 4 9 2 Received Heat Transfer 789 | . 243 519 27 Siege Activations . | . . . . Robots Corrupted . | . . . . Combat Hostiles . | . . . . Parts Fried . | . . . . Impact Corruptions . | . . . . Robots Melted . | . . . . Combat Hostiles . | . . . . Parts Melted . | . . . . Heat Transferred 222 | . . 222 . Parts Sabotaged . | . . . . Parts Stolen . | . . . . Parts Stripped . | . . . . Power Chain Reactions . | . . . . Alert | -11 -10 -9 -9 ------- Run | Yrd Mat Mat Min Peak Influence 303 | 10 191 303 101 Initial 96 | . 6 76 96 Average 117 | 3 97 138 96 Maximum Alert Level 1 | . . 1 . Low Security (%) 89 | 100 100 84 100 Level 1 10 | . . 15 . Level 2 . | . . . . Level 3 . | . . . . Level 4 . | . . . . Level 5 . | . . . . High Security . | . . . . Max Security . | . . . . Squads Dispatched 5 | . 1 4 . Investigation 1 | . . 1 . Extermination . | . . . . Reinforcement 4 | . 1 3 . Assault . | . . . . Garrison . | . . . . Intercept . | . . . . Searches Triggered . | . . . . Construction Impeded . | . . . . Haulers Reinforced . | . . . . Active Scanning Responses . | . . . . Cargo Convoy Interrupts . | . . . . Stealth | -11 -10 -9 -9 --------- Run | Yrd Mat Mat Min Distress Signals 3 | . 2 1 . Communications Jammed . | . . . . Distress Signals . | . . . . Times Spotted 44 | . 12 30 2 Peak Tracking Total 11 | . 5 11 . Tactical Retreats 9 | . 2 7 . Traps | -11 -10 -9 -9 ------- Run | Yrd Mat Mat Min Traps Triggered 1 | . . 1 . Indirectly . | . . . . Trap Hack Attempts . | . . . . Triggered . | . . . . Disarmed . | . . . . Reprogrammed . | . . . . Reused . | . . . . Traps Extracted . | . . . . Installed . | . . . . Triggered . | . . . . Machines | -11 -10 -9 -9 ---------- Run | Yrd Mat Mat Min Machines Disabled 1 | . . 1 . Max in Single Turn 1 | . . 1 . Machines Repaired . | . . . . Machines Dismantled . | . . . . Machines Sabotaged . | . . . . Overloaded Fab Kills . | . . . . Hacking | -11 -10 -9 -9 --------- Run | Yrd Mat Mat Min Machines Accessed 3 | . 1 2 . Terminals 2 | . 1 1 . Fabricators . | . . . . Repair Stations . | . . . . Recycling Units . | . . . . Scanalyzers 1 | . . 1 . Garrison Access . | . . . . Total Hacks 12 | . 2 10 . Successful 10 | . 1 9 . Failed 2 | . 1 1 . Catastrophic . | . . . . Database Lockouts . | . . . . Manual . | . . . . Terminals 5 | . 2 3 . Fabricators . | . . . . Repair Stations . | . . . . Recycling Units . | . . . . Scanalyzers 7 | . . 7 . Garrison Access . | . . . . Terminal Hacks 3 | . 1 2 . Prototype ID Bank 1 | . 1 . . Emergency Access Points 1 | . . 1 . Investigation Status 1 | . . 1 . Fabricator Hacks . | . . . . Repair Station Hacks . | . . . . Recycling Unit Hacks . | . . . . Scanalyzer 7 | . . 7 . Insert Component 4 | . . 4 . Analyze 3 | . . 3 . Garrison Access Hacks . | . . . . Unauthorized Hacks . | . . . . Terminals . | . . . . Fabricators . | . . . . Repair Stations . | . . . . Recycling Units . | . . . . Scanalyzers . | . . . . Garrison Access . | . . . . Data Cores Recovered . | . . . . Used . | . . . . Hacking Detections 3 | . 1 2 . Full Trace Events 1 | . . 1 . Feedback Events . | . . . . Feedback Blocked . | . . . . Robot Schematics Acquired . | . . . . Robots Built . | . . . . Authchips . | . . . . Time . | . . . . Total Robot Build Rating . | . . . . Part Schematics Acquired 3 | . . 3 . Parts Built . | . . . . Authchips . | . . . . Time . | . . . . Total Part Build Rating . | . . . . Parts Repaired . | . . . . Time . | . . . . Parts Recycled . | . . . . Recycled Matter . | . . . . Retrieved Matter . | . . . . Retrieved Components . | . . . . Parts Scanalyzed 3 | . . 3 . Part Schematics Acquired 3 | . . 3 . Parts Damaged . | . . . . Bothacking | -11 -10 -9 -9 ------------ Run | Yrd Mat Mat Min Used RIF Installer . | . . . . Robots Hacked . | . . . . Non-combat . | . . . . Combat . | . . . . Robot Hacks Applied . | . . . . Relay Couplers Released . | . . . . Fabnet Peak Effective % . | . . . . Robots Rewired . | . . . . Allies Hacked . | . . . . Hacks Repelled . | . . . . Allies | -11 -10 -9 -9 -------- Run | Yrd Mat Mat Min Total Allies . | . . . . Largest Group . | . . . . Highest-Rated Group . | . . . . Highest-Rated Ally . | . . . . Total Orders . | . . . . Ally Attacks . | . . . . Total Damage . | . . . . Kills . | . . . . Allies Corrupted . | . . . . Allies Melted . | . . . . Intel | -11 -10 -9 -9 ------- Run | Yrd Mat Mat Min Robot Analysis Total . | . . . . Derelict Logs Recovered . | . . . . Drone Launches . | . . . . Drone Recoveries . | . . . . Exploration | -11 -10 -9 -9 ------------- Run | Yrd Mat Mat Min Turns Passed 1048 | 81 209 692 66 Spaces Moved 849 | 55 125 601 68 Core 228 | 8 . 220 . Treads 44 | . . 44 . Legs . | . . . . Wheels 529 | 47 125 289 68 Hover . | . . . . Flight 48 | . . 48 . Fastest Speed 50 | 50 100 50 90 Average Speed 93 | 92 100 92 90 Slowest Speed 360 | 100 100 360 90 Overloaded Moves . | . . . . Propulsion Burnouts . | . . . . Robots Hopped . | . . . . Cave-ins Triggered . | . . . . Exploration Rate (%) 26 | 3 36 48 17 Regions Visited 3 Branch Regions 1 Pre-discovered Areas . | . . . . Known Exits Taken . | . . . . Unknown Exits Taken 3 | 1 1 1 . Scrap Searched . | . . . . Spaces Dug . | . . . . Terrain Destroyed . | . . . . Melee . | . . . . Projectile . | . . . . AOE . | . . . . Terrain Rammed . | . . . . Walls Destroyed . | . . . . Machines Disabled . | . . . . Actions | -11 -10 -9 -9 --------- Run | Yrd Mat Mat Min Total 999 | 77 160 692 70 Wait 20 | . . 20 . Move 846 | 54 124 600 68 Hop . | . . . . Pick Up 33 | 12 4 17 . Fast Attach 2 | . . 2 . Attach 21 | 6 1 14 . Detach . | . . . . Swap 5 | . 2 3 . Drop 11 | 1 4 6 . Fire 60 | 4 25 29 2 Melee . | . . . . Ram 1 | . . 1 . Kick . | . . . . Crush . | . . . . Escape Stasis . | . . . . Rewire . | . . . . Trap . | . . . . Miscellaneous . | . . . . Route ------- -11/Scrapyard -10/Materials (discovered 2 exits: *Mat / [*Min]) -9/Materials (discovered 2 exits: [*Mat] / [*Min]) -9/Mines History --------- Turn | Location | Event 6 | -11/Scrapyard | Discovered new exit (range 16) 82 | -11/Scrapyard | Entered Materials 151 | -10/Materials | Discovered new exit (range 11) 271 | -10/Materials | Discovered new exit (range 13) 291 | -10/Materials | Entered another Materials area 291 | -9/Materials | Evolved 2 slots: Utility x2 471 | -9/Materials | Core integrity fell below 50% 476 | -9/Materials | Lost 5 parts (1p2n1u1w) 580 | -9/Materials | Core integrity fell below 20% 614 | -9/Materials | Lost 5 parts (2n2u1w) 673 | -9/Materials | Discovered new exit (range 13) 689 | -9/Materials | Build established: Mutant 943 | -9/Materials | Discovered new exit (range 6) 983 | -9/Materials | Entered Mines 1049 | -9/Mines | Destroyed by G-47 Trooper with Particle Gun Last Messages --------------- Schematics can be used at fabricators to build something. View all schematics in possession via the status screen. 00910_ Connecting with Terminal... >>Enumerate(Investigations) Retrieving latest reported positions... No active investigation squads found. >>Access(Emergency) Found 1 emergency access door: (30,9) Map updated. 00935_ T-07 Excavator is excavating. 00943_ EXIT=FOUND 00974_ Y-45 Defender destroyed. 00978_ Acquired 55 matter. LOCATION=UNKNOWN GOAL=ESCAPE 01045_ K-01 Serf destroyed. 01045_ Switching to secondary target: G-47 Trooper. Map ----- +----------------------------------------------------+ | ?????????????????????????????????? | | ?????????????????????????????????? | | ?????????????????????????????????? | | ?????????????????????????????????? | | ?????????????????????????????????? | | ?????????????????????????????????? | | ?????????????????????????????????? | | ?????????????????????????????????? | | ?????????????????????????????????? | | ?????????????????????????????????? | | ?????????????????????????????????? | | ?????????????????????????????????? | | ?????????????????????????????????? | | ?????????????????????????????????? | | ?????????????????????????????????? | | ?????????????????????????????????? | | ?????????????????????????????????? | | ?????????????????????????????????? | | ??###????????????????????????????? | | ??# #????????????????????????????? | | ??# ##???????????????????????????? | | ??# ##??????????????????????????? | | ??# ##?????????????????????????? | | ??# ####??????????#???????????? | | ?## =##### #???? ???????????? | | ?# @%! gg#???# #?????????? | | ?# ###### #?????#### ? | | ?## ##??????????# #?????# $?? | | ??# ##??????????# #?????# ??? | | ??# ##?????????# #?????# #??? | | ??# ##????????# #???### #??? | | ??# #????????# #??## ##?? | | ??## ########## #### ### | | ???## """ | | ????# """ ########### #### | | ????# """ #?????????# #??# #### | | ???# ????????? #??# #??# | | ??? ##???????####?# #??# | | ??# ##?????????????# #??## | | ??## ###??????????????## ##???? | | ???####??????????????????####????? | | ?????????????????????????????????? | | ?????????????????????????????????? | | | | | | | | | | | | | | | +----------------------------------------------------+ Best States ------------- Heat Dissipation 28 Energy Generation 14 Energy Capacity 265 Matter Stores 277 Matter Capacity 300 Sight Range 16 Terrain Scan Density 10 ECM Strength 1 Evasion (%) 50 Targeting Accuracy 24 Recoil Reduction 2 Item Schematics ----------------- Katana | -9/Materials | Scanalyzed Particle Gun | -9/Materials | Scanalyzed Imp. Targeting Computer | -9/Materials | Scanalyzed Robot Schematics ------------------ None Fabricated ------------ Nothing Alien Tech Used ----------------- None Achievements -------------- Slippery One Challenges ------------ None Game ------ Seed ClaymoresRagnarokDriver Manual? 0 Play Time 00:11:12 Cumulative 1.8 hours Start 2024.04.29 @ 09:32:36 End 2024.04.29 @ 09:44:54 Sessions 1 Manual Loads 0 Difficulty Rogue Special Mode None Game No. 8 Rogue 8 Adventurer 0 Explorer 0 Win Type - Total 0 Types 0/0/0/0/0/0/0/0/0 Lore% 0 Gallery% 7 Achievement% 8 Wizard Run 0 Options --------- Layout 1 ASCII 0 Keyboard 0 Movement Mouse Keybinds 0 Fullscreen 0 Font 20/SmallcapsGlow Map View 50x35 Zoom Use 0% Tactical HUD 1 Map Filters NONE Filters NONE Steam 1 RUN: 1b2531e3-f878-439c-88c5-07b1dfd70bd2